 Dungeon Crawl Stone Soup version 0.18.1-48-g4cf74bf (webtiles) character file.

41 Eukament the Caller (level 3, -2/26 HPs)
             Began as a Hill Orc Summoner on Aug 10, 2016.
             Slain by Sigmund
             ... wielding a +2 scythe of distortion
              (13 damage)
             ... on level 2 of the Dungeon.
             The game lasted 00:10:55 (2023 turns).

Eukament the Caller (Hill Orc Summoner)             Turns: 2023, Time: 00:10:55

Health: -2/26      AC:  2    Str: 10    XL:     3   Next: 52%
Magic:  1/5        EV: 12    Int: 16    God:
Gold:   89         SH:  0    Dex: 11    Spells: 2 memorised, 2 levels left

rFire  . . .     SeeInvis .     d - +0 mace
rCold  . . .     Gourm    .     a - +0 robe
rNeg   . . .     Faith    .     (no shield)
rPois  .         Spirit   .     (no helmet)
rElec  .         Dismiss  .     (no cloak)
rCorr  .         Reflect  .     (no gloves)
SustAt +         Harm     .     (no boots)
MR     .....                    (no amulet)
Stlth  ++........               e - ring of flight
                                g - ring of sustain attributes

@: not resistant to hostile enchantments, unstealthy
A: no striking features
a: Evoke Flight


You were on level 2 of the Dungeon.
You were hungry.

You visited 1 branch of the dungeon, and saw 2 of its levels.

You collected 89 gold pieces.

Inventory:

Hand Weapons
 d - a +0 mace (weapon)
Armour
 a - a +0 robe (worn)
Jewellery
 e - a ring of flight (right hand)
 g - a ring of sustain attributes (left hand)
Scrolls
 f - a scroll of remove curse {unknown}
 h - a scroll of random uselessness {unknown}
 i - a scroll of teleportation {unknown}
 k - a scroll of amnesia {unknown}
Potions
 c - a potion of invisibility {unknown}
 j - a potion of might {unknown}
Books
 b - a book of Callings

   Spells                             Type                      Level
   a - Summon Small Mammal            Summoning                    1
   b - Call Imp                       Summoning                    2
   c - Call Canine Familiar           Summoning                    3
   d - Summon Guardian Golem          Hexes/Summoning              3
   e - Summon Lightning Spire         Summoning/Air                4
   f - Summon Ice Beast               Ice/Summoning                4


   Skills:
 - Level 1.5 Dodging
 - Level 1.5 Stealth
 - Level 1.5 Spellcasting
 + Level 5.2 Summonings


You had 2 spell levels left.
You knew the following spells:

 Your Spells              Type           Power        Failure   Level  Hunger
a - Summon Small Mammal   Summ           ###.         2%          1    ##.....
b - Call Imp              Summ           ###.....     4%          2    ###....


Dungeon Overview and Level Annotations

Branches:
Dungeon (2/15)

Altars:
Elyvilon

Annotations:
D:2 Sigmund


Message History

Are you sure you want to stumble around while confused and next to your crimson imp?
Okay, then.
Sigmund misses you.
Your crimson imp hits Sigmund.
Your crimson imp barely misses Sigmund.
You feel less confused.
Your crimson imp hits Sigmund.
Sigmund zaps a wand.
Your crimson imp easily resists.
Your crimson imp closely misses Sigmund.
You aren't carrying any food.
Your crimson imp closely misses Sigmund.
Sigmund hits you from afar with a scythe of distortion.
Space bends around you.
Your crimson imp barely misses Sigmund.
Your crimson imp hits Sigmund but does no damage.
Sigmund gestures at you while chanting.
Your crimson imp easily resists.
Your crimson imp closely misses Sigmund.
Your crimson imp hits Sigmund but does no damage.
Sigmund hits you from afar with a scythe of distortion!
Ouch! That really hurt!
You die...

.
#........#.#....#####..#
#. # #....#####.#....)#
#..# #. #....# #.#...#.#
#..# #. #....# #.#......
.... ..
#....#####.#####..###..#
#. ####...............
...# #
#.#####.######..#....
#.# #.# #.#..# #.#####@#
#.#..# #.#.5@5.# #.#..#
#.#.##### ....# #.#.#
#...#
#.#@############@..#
#............ยงยง..#
###############.>.....
......[. .........


You could see Sigmund and 2 friendly crimson imps.

Vanquished Creatures
  A bat (D:1)
  A goblin (D:1)
  2 hobgoblins (D:1)
  A jackal (D:1)
  A kobold (D:1)
  A giant newt (D:1)
  A rat (D:1)
8 creatures vanquished.

Vanquished Creatures (collateral kills)
  Terence (D:2)
  A worm (D:2)
  A giant cockroach (D:2)
  3 hobgoblins (D:1)
  A jackal (D:1)
  A ball python (D:1)
  A bat (D:1)
  A giant newt (D:1)
  7 goblins
  4 kobolds
21 creatures vanquished.

Grand Total: 29 creatures vanquished

Notes
Turn   | Place    | Note
--------------------------------------------------------------
     0 | D:1      | Eukament the Hill Orc Summoner began the quest for the Orb.
     0 | D:1      | Reached XP level 1. HP: 14/14 MP: 3/3
   506 | D:1      | Reached XP level 2. HP: 20/20 MP: 4/4
   739 | D:1      | Learned a level 2 spell: Call Imp
  1521 | D:2      | Noticed Terence
  1531 | D:2      | Killed Terence
  1531 | D:2      | Reached skill level 5 in Summonings
  1531 | D:2      | Reached XP level 3. HP: 15/26 MP: 2/5
  1809 | D:2      | Found a white marble altar of Elyvilon.
  1969 | D:2      | Noticed Sigmund
  2023 | D:2      | Slain by Sigmund

Skill      XL: |  1  2 |
---------------+-------+-----
Summonings     | 5 |  5.2
Dodging        | |  1.5
Stealth        | |  1.5
Spellcasting   | |  1.5

Action                   || total
-------------------------++-------
Melee: Unarmed           ||    24
       Mace              ||    33
 Cast: Summon Small Mamm ||    26
       Call Imp          ||    12
  Use: Scroll            ||     1
 Stab: Sleeping          ||     1
  Eat: Bread ration      ||     1
Armor: Robe              ||    13
Dodge: Dodged            ||    52
